NCAA
LOUISVILLE CARDINALS @ WEST VIRGINIA MOUNTAINEERS
05/17/2023
 
TOP OF THE 1ST
Louisville Cardinals batting - Pitching for West Virginia Mountaineers : LHP Justin Jacobson
Pitching: LHP Justin Jacobson
Batting: RHB George Reeves 0-0: Called Strike
0-1: Ball
1-1: Ball
2-1: SINGLE (Groundball, 56)
Batting: RHB Gabriel Méndez 0-0: Ball
1-0: Called Strike
1-1: Ball
2-1: Called Strike
2-2: Ball
3-2: Strikes out looking
Batting: LHB Donovan Myers 0-0: Called Strike
0-1: Ball
1-1: Ball
George Reeves steals 2nd base
2-1: Foul Ball, location: 2F
2-2: Reached on error, E5 (Groundball, 5S)
George Reeves scores
Batting: LHB António Camacho 0-0: SINGLE (Line Drive, 7S)
Donovan Myers to third
Runner from 3rd tries for Home, throw and OUT!
António Camacho to second
Batting: RHB Bobby Booker 0-0: Ball
1-0: SINGLE (Line Drive, 7S)
António Camacho to third
Throwing error, E7
António Camacho scores
Bobby Booker to second
Batting: RHB José González 0-0: Called Strike
0-1: Fly out, F8 (Flyball, 8RM)
Top of the 1st over - 2 run(s), 3 hit(s), 2 error(s), 1 left on base; Louisville 2 - West Virginia 0
BOTTOM OF THE 1ST
West Virginia Mountaineers batting - Pitching for Louisville Cardinals : RHP Jeff Scott
Pitching: RHP Jeff Scott
Batting: RHB Von Ford 0-0: Ball
1-0: Ball
2-0: Ball
3-0: Foul Ball, location: 2F
3-1: Base on Balls
Batting: RHB Bobby Armstrong 0-0: Called Strike
0-1: Ball
1-1: Ball
2-1: Ball
3-1: Foul Ball, location: 2F
3-2: Strikes out swinging
Batting: LHB Charlie Hughes 0-0: Ball
1-0: Fielders Choice at 2nd, 4-6 (Groundball, 4M)
Batting: LHB Buddy Rice 0-0: Called Strike
0-1: Ball
1-1: Ball
2-1: Called Strike
2-2: Foul Ball, location: 2F
2-2: Foul Ball, location: 2F
2-2: Foul Ball, location: 2F
2-2: Strikes out swinging
Bottom of the 1st over - 0 run(s), 0 hit(s), 0 error(s), 1 left on base; Louisville 2 - West Virginia 0
TOP OF THE 2ND
Louisville Cardinals batting - Pitching for West Virginia Mountaineers : LHP Justin Jacobson
Batting: RHB Michael Jones 0-0: Ball
1-0: Ball
2-0: Ball
3-0: Called Strike
3-1: Base on Balls
Batting: RHB Clark Greer 0-0: Called Strike
0-1: Foul Ball, location: 2F
0-2: Ball
1-2: Strikes out looking
Batting: LHB Evan Díaz 0-0: Ball
1-0: Foul Ball, location: 2F
1-1: Foul Ball, location: 2F
1-2: Strikes out swinging
Batting: RHB George Reeves 0-0: Ball
1-0: Ball
2-0: Ball
3-0: Called Strike
3-1: Ground out 4-3 (Groundball, 4)
Top of the 2nd over - 0 run(s), 0 hit(s), 0 error(s), 1 left on base; Louisville 2 - West Virginia 0
BOTTOM OF THE 2ND
West Virginia Mountaineers batting - Pitching for Louisville Cardinals : RHP Jeff Scott
Batting: LHB Dave Gordon 0-0: Foul Ball, location: 2F
0-1: Ball
1-1: Ball
2-1: Fly out, F9 (Line Drive, 9S)
Batting: RHB Ramón Aranda 0-0: Called Strike
0-1: DOUBLE (Groundball, 3L)
Batting: LHB John Stone 0-0: Called Strike
0-1: Ground out 6-3 (Groundball, 6)
Batting: RHB Scott Mooney 0-0: Ball
1-0: Ball
2-0: Ball
3-0: Base on Balls
Batting: RHB Cal Dorsey 0-0: Called Strike
0-1: Fielders Choice at 2nd, U4 (Groundball, 4M)
Bottom of the 2nd over - 0 run(s), 1 hit(s), 0 error(s), 2 left on base; Louisville 2 - West Virginia 0
TOP OF THE 3RD
Louisville Cardinals batting - Pitching for West Virginia Mountaineers : LHP Justin Jacobson
Batting: RHB Gabriel Méndez 0-0: Ball
1-0: Ball
2-0: Foul Ball, location: 2F
2-1: Called Strike
2-2: Foul Ball, location: 2F
2-2: Strikes out swinging
Batting: LHB Donovan Myers 0-0: Called Strike
0-1: SINGLE (Line Drive, 7S)
Batting: LHB António Camacho 0-0: Ball
1-0: SINGLE (Line Drive, 4D)
Donovan Myers to second
Runner from 2nd tries for 3rd, SAFE, no throw or cutoff
Batting: RHB Bobby Booker 0-0: Ball
1-0: Called Strike
1-1: Swinging Strike
1-2: Ball
2-2: Ball
3-2: Fly out, F8 (Flyball, 8RD)
Runner from 3rd tags up, SCORES, no throw
Batting: RHB José González 0-0: Called Strike
0-1: Called Strike
0-2: Foul Ball, location: 2F
0-2: Strikes out swinging
Top of the 3rd over - 1 run(s), 2 hit(s), 0 error(s), 1 left on base; Louisville 3 - West Virginia 0
BOTTOM OF THE 3RD
West Virginia Mountaineers batting - Pitching for Louisville Cardinals : RHP Jeff Scott
Batting: RHB Von Ford 0-0: Fly out, F9 (Flyball, 3D)
Batting: RHB Bobby Armstrong 0-0: Ball
1-0: Called Strike
1-1: Ball
2-1: Ball
3-1: SOLO HOME RUN (Flyball, 7D), Distance : 367 ft
Batting: LHB Charlie Hughes 0-0: Ball
1-0: Ground out 4-3 (Groundball, 4)
Batting: LHB Buddy Rice 0-0: Ball
1-0: Ball
2-0: Foul Ball, location: 2F
2-1: Swinging Strike
2-2: Ball
3-2: Foul Ball, location: 2F
3-2: Strikes out swinging
Bottom of the 3rd over - 1 run(s), 1 hit(s), 0 error(s), 0 left on base; Louisville 3 - West Virginia 1
TOP OF THE 4TH
Louisville Cardinals batting - Pitching for West Virginia Mountaineers : LHP Justin Jacobson
Batting: RHB Michael Jones 0-0: Called Strike
0-1: Called Strike
0-2: Ball
1-2: Ball
2-2: Strikes out swinging
Batting: RHB Clark Greer 0-0: Foul Ball, location: 2F
0-1: SINGLE (Groundball, 34D)
Batting: LHB Evan Díaz 0-0: Called Strike
0-1: Grounds into double play, 4-6-3 (Groundball, 34)
Top of the 4th over - 0 run(s), 1 hit(s), 0 error(s), 0 left on base; Louisville 3 - West Virginia 1
BOTTOM OF THE 4TH
West Virginia Mountaineers batting - Pitching for Louisville Cardinals : RHP Jeff Scott
Batting: LHB Dave Gordon 0-0: Ball
1-0: Ball
2-0: SINGLE (Line Drive, 8RS)
Batting: RHB Ramón Aranda 0-0: DOUBLE (Line Drive, 89S)
Dave Gordon to third
Batting: LHB John Stone 0-0: Fly out, F8 (Flyball, 8LM)
Batting: RHB Scott Mooney 0-0: Ball
1-0: Swinging Strike
1-1: Ball
2-1: Ball
3-1: Base on Balls
Batting: RHB Cal Dorsey 0-0: Called Strike
0-1: Called Strike
0-2: Ball
1-2: Fly out, F4 (Popup, 4D)
Batting: RHB Von Ford 0-0: Ball
1-0: Fly out, F6 (Popup, 6M)
Bottom of the 4th over - 0 run(s), 2 hit(s), 0 error(s), 3 left on base; Louisville 3 - West Virginia 1
TOP OF THE 5TH
Louisville Cardinals batting - Pitching for West Virginia Mountaineers : LHP Justin Jacobson
Batting: RHB George Reeves 0-0: SINGLE (Groundball, 23) (infield hit)
Batting: RHB Gabriel Méndez 0-0: Called Strike
0-1: Foul Ball, location: 2F
0-2: Strikes out swinging
Batting: LHB Donovan Myers 0-0: Fielders Choice at 2nd, 1-6 (Groundball, 15S)
Batting: LHB António Camacho 0-0: Called Strike
0-1: Ball
1-1: Ball
2-1: SINGLE (Line Drive, 56)
Donovan Myers to second
Batting: RHB Bobby Booker 0-0: Called Strike
0-1: Ball
1-1: Ball
2-1: Foul Ball, location: 2F
2-2: Foul Ball, location: 2F
2-2: Strikes out looking
Top of the 5th over - 0 run(s), 2 hit(s), 0 error(s), 2 left on base; Louisville 3 - West Virginia 1
BOTTOM OF THE 5TH
West Virginia Mountaineers batting - Pitching for Louisville Cardinals : RHP Jeff Scott
Now at 2B: Billy Noble
Batting: RHB Bobby Armstrong 0-0: SINGLE (Line Drive, 6D)
Batting: LHB Charlie Hughes 0-0: Foul Ball, location: 2F
0-1: Ball
1-1: Swinging Strike
1-2: Ball
2-2: Ball
3-2: Foul Ball, location: 2F
3-2: SINGLE (Line Drive, 8RS)
Bobby Armstrong to second
Batting: LHB Buddy Rice 0-0: Called Strike
0-1: Grounds into double play, 5-4-3 (Groundball, 5)
Bobby Armstrong to third
Batting: LHB Dave Gordon 0-0: Ball
1-0: Ground out 3-1 (Groundball, 3L)
Bottom of the 5th over - 0 run(s), 2 hit(s), 0 error(s), 1 left on base; Louisville 3 - West Virginia 1
TOP OF THE 6TH
Louisville Cardinals batting - Pitching for West Virginia Mountaineers : LHP Justin Jacobson
Pitching: LHP Curt Bennett
Batting: RHB José González 0-0: Ground out 6-3 (Groundball, 6)
Batting: RHB Michael Jones 0-0: Ground out 6-3 (Groundball, 6)
Batting: RHB Clark Greer 0-0: Ball
1-0: Ball
2-0: Fly out, F7 (Line Drive, 78M)
Top of the 6th over - 0 run(s), 0 hit(s), 0 error(s), 0 left on base; Louisville 3 - West Virginia 1
BOTTOM OF THE 6TH
West Virginia Mountaineers batting - Pitching for Louisville Cardinals : RHP Jeff Scott
Batting: RHB Ramón Aranda 0-0: Called Strike
0-1: Ground out 6-3 (Groundball, 6M)
Pitching: RHP Ronald Clark
Batting: LHB John Stone 0-0: Foul Ball, location: 2F
0-1: Ball
1-1: Ball
2-1: Fly out, F8 (Flyball, 8LM)
Batting: RHB Scott Mooney 0-0: Called Strike
0-1: Ball
1-1: Ball
2-1: Foul Ball, location: 2F
2-2: Ball
3-2: Strikes out looking
Bottom of the 6th over - 0 run(s), 0 hit(s), 0 error(s), 0 left on base; Louisville 3 - West Virginia 1
TOP OF THE 7TH
Louisville Cardinals batting - Pitching for West Virginia Mountaineers : LHP Curt Bennett
Batting: LHB Evan Díaz 0-0: Ball
1-0: Ball
2-0: Ball
3-0: Base on Balls
Batting: RHB Billy Noble 0-0: Ball
1-0: Ball
2-0: Called Strike
2-1: Sac Bunt - play at first, batter OUT! 1-3
Evan Díaz to second
Batting: RHB Gabriel Méndez 0-0: Intentional Walk
Batting: LHB Donovan Myers 0-0: Called Strike
0-1: Ball
1-1: Ball
2-1: Foul Ball, location: 2F
2-2: Ground out 4-3 (Groundball, 13)
Evan Díaz to third
Gabriel Méndez to second
Batting: LHB António Camacho 0-0: Ball
1-0: Foul Ball, location: 2F
1-1: Called Strike
1-2: Ball
2-2: Foul Ball, location: 2F
2-2: Ball
3-2: Base on Balls
Batting: RHB Bobby Booker 0-0: Ball
1-0: Foul Ball, location: 2F
1-1: Ball
2-1: Fly out, F6 (Popup, 6M)
Top of the 7th over - 0 run(s), 0 hit(s), 0 error(s), 3 left on base; Louisville 3 - West Virginia 1
BOTTOM OF THE 7TH
West Virginia Mountaineers batting - Pitching for Louisville Cardinals : RHP Ronald Clark
Batting: RHB Cal Dorsey 0-0: Ball
1-0: Called Strike
1-1: Ball
2-1: Called Strike
2-2: Ball
3-2: Fly out, F9 (Flyball, 9M)
Batting: RHB Von Ford 0-0: Called Strike
0-1: Foul Ball, location: 2F
0-2: Strikes out looking
Batting: RHB Bobby Armstrong 0-0: Ball
1-0: Called Strike
1-1: Ball
2-1: Fly out, F7 (Flyball, 78M)
Bottom of the 7th over - 0 run(s), 0 hit(s), 0 error(s), 0 left on base; Louisville 3 - West Virginia 1
TOP OF THE 8TH
Louisville Cardinals batting - Pitching for West Virginia Mountaineers : LHP Curt Bennett
Pitching: RHP Jack Hampton
Batting: RHB José González 0-0: Called Strike
0-1: Ball
1-1: Ball
2-1: Foul Ball, location: 2F
2-2: Strikes out swinging
Batting: RHB Michael Jones 0-0: Ball
1-0: Ball
2-0: Called Strike
2-1: Ball
3-1: Swinging Strike
3-2: Base on Balls
Batting: RHB Clark Greer 0-0: Ground out 4-3 (Groundball, 4S)
Michael Jones to second
Batting: LHB Evan Díaz 0-0: Ball
1-0: Ball
2-0: Foul Ball, location: 2F
2-1: Ball
3-1: Swinging Strike
3-2: Strikes out swinging
Top of the 8th over - 0 run(s), 0 hit(s), 0 error(s), 1 left on base; Louisville 3 - West Virginia 1
BOTTOM OF THE 8TH
West Virginia Mountaineers batting - Pitching for Louisville Cardinals : RHP Ronald Clark
Batting: LHB Charlie Hughes 0-0: Ball
1-0: Ball
2-0: Foul Ball, location: 2F
2-1: Ground out 4-3 (Groundball, 4M)
Pitching: LHP Frank Simmons
Batting: LHB Buddy Rice 0-0: Swinging Strike
0-1: Ball
1-1: Swinging Strike
1-2: Ball
2-2: Strikes out swinging
Batting: LHB Dave Gordon 0-0: Ball
1-0: Ball
2-0: Ball
3-0: Called Strike
3-1: Swinging Strike
3-2: SINGLE (Line Drive, 4M)
Pitching: RHP António Aguilar
Batting: RHB Ramón Aranda 0-0: Called Strike
0-1: Foul Ball, location: 2F
0-2: Fly out, F8 (Flyball, 89M)
Bottom of the 8th over - 0 run(s), 1 hit(s), 0 error(s), 1 left on base; Louisville 3 - West Virginia 1
TOP OF THE 9TH
Louisville Cardinals batting - Pitching for West Virginia Mountaineers : RHP Jack Hampton
Batting: RHB Billy Noble 0-0: Foul Ball, location: 2F
0-1: Called Strike
0-2: Foul Ball, location: 2F
0-2: Ball
1-2: Foul Ball, location: 2F
1-2: Ball
2-2: Strikes out looking
Batting: RHB Gabriel Méndez 0-0: SINGLE (Line Drive, 9LS)
Batting: LHB Donovan Myers 0-0: Ball
1-0: Ball
2-0: Foul Ball, location: 2F
2-1: Ball
3-1: Foul Ball, location: 2F
3-2: SINGLE (Groundball, 13) (infield hit)
Gabriel Méndez to second
Pitching: RHP Cameron Zimmerman
Batting: LHB António Camacho 0-0: Ball
1-0: Foul Ball, location: 2F
1-1: Called Strike
1-2: Ball
2-2: SINGLE (Groundball, 5D)
Gabriel Méndez to third
Donovan Myers to second
Batting: RHB Bobby Booker 0-0: Ball
1-0: Ball
2-0: Foul Ball, location: 2F
2-1: Foul Ball, location: 2F
2-2: Ball
3-2: SINGLE (Line Drive, 34)
Gabriel Méndez scores
Donovan Myers to third
António Camacho to second
Batting: RHB José González 0-0: Called Strike
0-1: Ball
1-1: Fly out, F7 (Flyball, 78M)
Runner from 3rd tags up, SCORES, no throw
Batting: RHB Michael Jones 0-0: Ball
1-0: Fly out, F7 (Flyball, 7M)
Top of the 9th over - 2 run(s), 4 hit(s), 0 error(s), 2 left on base; Louisville 5 - West Virginia 1
BOTTOM OF THE 9TH
West Virginia Mountaineers batting - Pitching for Louisville Cardinals : RHP António Aguilar
Pitching: LHP Alberto Torres
Batting: LHB John Stone 0-0: Ball
1-0: Fly out, F5 (Line Drive, 56)
Batting: RHB Scott Mooney 0-0: Foul Ball, location: 2F
0-1: Ball
1-1: Ball
2-1: Ball
3-1: SINGLE (Groundball, 6S)
Batting: RHB Cal Dorsey 0-0: Foul Ball, location: 2F
0-1: Ball
1-1: Ball
2-1: DOUBLE (Line Drive, 8LM)
Scott Mooney to third
Batting: RHB Von Ford 0-0: Foul Ball, location: 2F
0-1: Ball
1-1: Ground out 4-3 (Groundball, 4)
Scott Mooney scores
Cal Dorsey to third
Batting: RHB Bobby Armstrong 0-0: Ball
1-0: Fly out, F7 (Flyball, 7D)
Bottom of the 9th over - 1 run(s), 2 hit(s), 0 error(s), 1 left on base; Louisville 5 - West Virginia 2
This league is powered by Out of the Park Baseball, the baseball management simulation game for PC, Mac and Linux
Wednesday, December 2nd, 2015 - OOTP Baseball 16.8 Build 38